 Dungeon Crawl Stone Soup version 0.30-b1-2-g02819fbbbe (webtiles) character file.

Game seed: 14822783948338443751

212 ketsa the Chopper (level 5, -3/45 HPs)
             Began as a Minotaur Fighter on May 21, 2023.
             Was an Initiate of Okawaru.
             Succumbed to a water moccasin's poison
             ... on level 4 of the Dungeon.
             The game lasted 00:06:12 (3163 turns).

ketsa the Chopper (Minotaur Fighter)                Turns: 3163, Time: 00:06:12

Health: -3/45      AC:  8    Str: 22    XL:     5   Next: 58%
Magic:  4/4        EV:  9    Int:  5    God:    Okawaru [......]
Gold:   148        SH:  4    Dex: 10    Spells: 4/4 levels left

rFire   . . .        a - +0 war axe
rCold   . . .        c - +0 buckler
rNeg    . . .        b - +0 scale mail
rPois   .            (helmet restricted)
rElec   .            (no cloak)
rCorr   .            (no gloves)
SInv    .            k - +0 pair of boots
Will    .....        (no amulet) Stlth
                     (no ring)
HPRegen 0.27/turn    (no ring)
MPRegen 0.09/turn

%: no passive effects
@: lethally poisoned (-3 -> -30)
A: horns 2, retaliatory headbutt
a: Renounce Religion


You were on level 4 of the Dungeon.
You worshipped Okawaru.
Okawaru was noncommittal.
You visited 1 branch of the dungeon, and saw 4 of its levels.

You collected 148 gold pieces.

Inventory:

Hand Weapons
 a - a +0 war axe (weapon)
 m - a +0 sling
Missiles
 e - 2 poisoned darts (quivered)
Armour
 b - a +0 scale mail (worn)
 c - a +0 buckler (worn)
 k - a +0 pair of boots (worn)
 v - a +0 scale mail
 y - a +0 chain mail
Jewellery
 o - an amulet of faith
Scrolls
 f - a scroll of noise {unknown}
 g - 2 scrolls of blinking {unknown}
 h - a scroll of teleportation {unknown}
 i - a scroll of summoning {unknown}
 n - a scroll of fear {unknown}
 r - 2 scrolls of amnesia {unknown}
 u - a scroll of identify
Potions
 d - a potion of might
 j - a potion of lignification
 l - a potion of flight
 p - a potion of curing {unknown}
 q - a potion of haste {unknown}
 s - a potion of cancellation {unknown}
 t - a potion of ambrosia {unknown}
 w - a potion of magic {unknown}
 x - a potion of invisibility {unknown}
 z - a potion of heal wounds {unknown}


   Skills:
 - Level 3.6 Fighting
 * Level 5.3 Axes
 + Level 4.9 Armour
 + Level 4.9 Shields


You had 4 spell levels left.
You didn't know any spells.
Your spell library contained the following spells:

 Spells                   Type           Power      Damage    Failure   Level
 Apportation              Tloc           0%         N/A       85%         1
 Kiss of Death            Conj/Necr      0%         2d5       85%         1
 Necrotise                Necr           0%         1d4       85%         1
 Confusing Touch          Hex            0%         N/A       99%         3
 Dazzling Flash           Conj/Hex       0%         N/A       99%         3
 Dispel Undead            Necr           0%         3d6       100%        4
 Agony                    Necr           0%         N/A       100%        5
 Silence                  Hex/Air        0%         N/A       100%        5
 Summon Small Mammal      Summ           Unusable   N/A       N/A         1

Dungeon Overview and Level Annotations

Branches:
Dungeon (4/15) Zot: 20779
 Temple: D:4-7

Altars:
Hepliaklqana
Nemelex Xobeh
Okawaru
Trog
The Shining One

Shops:
D:1 :


Innate Abilities, Weirdness & Mutations

You have a pair of horns on your head.
You reflexively headbutt those who attack you in melee.


Message History

You completely miss the goblin. The goblin hits you with a +0 dagger.
You miss the goblin. The goblin hits you but does no damage.
You hit the goblin.
The goblin is heavily wounded.
The goblin closely misses you.
You hit the goblin.
You kill the goblin!
Okawaru accepts your kill.
Things that are here:
a +0 dagger; a goblin corpse
Things that are here:
a +0 dagger; a goblin corpse You barely miss the water moccasin.
You headbutt the water moccasin!
The water moccasin is moderately wounded.
The water moccasin barely misses you. You furiously retaliate!
You headbutt the water moccasin. The water moccasin bites you.
You are poisoned.
The water moccasin poisons you!
You miss the water moccasin.
The water moccasin is moderately wounded.
You feel very sick.
The water moccasin completely misses you.
The water moccasin bites you!
You are more poisoned.
The water moccasin poisons you!
You miss the water moccasin.
The water moccasin is moderately wounded.
You feel extremely sick. You block the water moccasin's attack.
The water moccasin bites you.
You are more poisoned.
The water moccasin poisons you!
You hit the water moccasin.
The water moccasin is moderately wounded.
* * * LOW HITPOINT WARNING * * *
You feel extremely sick. The water moccasin closely misses you.
You block the water moccasin's attack.
You barely miss the water moccasin.
Your headbutt misses the water moccasin.
The water moccasin is moderately wounded.
You die...

#........†..#.#.#.#
#...........#.....#
#.........###.....#
#.........# #.#.#.#
###..###### #.....#
#..## #.....# #.##
#.#.#.# #.# #.....#
#@# #.....# #S#
#.#.#.# #.# #.....#
#.(...# #.....#
.......# #.#.#.#
.........# #.....#
..........# #))...#
...........#
#.#.#.#
............#
#....h#


You could see a water moccasin.

Vanquished Creatures
  A hound (D:4)
  An orc priest (D:4)
  6 adders
  An ufetubus (D:4)
  A worm (D:3)
  4 dart slugs
  5 orcs
  8 endoplasms
  A giant cockroach (D:1)
  7 goblins
  5 hobgoblins
  10 jackals
  A quokka (D:1)
  8 ball pythons
  5 bats
  4 frilled lizards
  3 kobolds (D:1)
  4 rats
75 creatures vanquished.

Notes
Turn   | Place    | Note
-------+----------+-------------------------------------------
     0 | D:1      | ketsa the Minotaur Fighter began the quest for the Orb.
     0 | D:1      | Reached XP level 1. HP: 19/19 MP: 0/0
   100 | D:1      | Reached skill level 3 in Axes
   100 | D:1      | Reached XP level 2. HP: 26/26 MP: 1/1
   307 | D:1      | Found Seih's Book Emporium.
   828 | D:2      | Reached XP level 3. HP: 31/31 MP: 2/2
  1235 | D:2      | Reached skill level 4 in Axes
  1503 | D:3      | Reached XP level 4. HP: 39/39 MP: 3/3
  1576 | D:3      | Found a faded altar of an unknown god.
  2504 | D:4      | Found a hazy altar of Hepliaklqana.
  2510 | D:4      | Found a sparkling altar of Nemelex Xobeh.
  2514 | D:4      | Found a glowing golden altar of the Shining One.
  2516 | D:4      | Found a bloodstained altar of Trog.
  2522 | D:4      | Found an iron altar of Okawaru.
  2530 | D:4      | Became a worshipper of Warmaster Okawaru
  2562 | D:4      | Reached XP level 5. HP: 35/45 MP: 4/4
  2691 | D:4      | Noticed a black bear
  2832 | D:4      | Reached skill level 5 in Axes
  3140 | D:4      | Noticed a water moccasin
  3163 | D:4      | Succumbed to a water moccasin's poison

Illustrated notes

Levels and vault maps discovered:
D:1:      wander_arrival_desolate, layout_basic, serial_shops,
          nicolae_shop_hallway_stairs, minmay_pentomino_v2
D:2:      layout_basic
D:3:      layout_loops_corners, shapermc_ecumenical_altar_totnotflames
D:4:      layout_rooms, nicolae_overflow_hallway_of_the_gods,
          nicolae_take_the_stairs, columned_hall_lemuel

Skill      XL: |  1  2  3  4  5 |
---------------+----------------+-----
Axes           | 3 4 5 |  5.3
Armour         | 4 |  4.9
Shields        | 4 |  4.9
Fighting       | |  3.6

Action                     |  1- 3 |  4- 6 || total
---------------------------+-------+-------++-------
  Melee: War axe           |    92 |    79 ||   171
         Headbutt          |     7 |    13 ||    20
  Throw: Dart              |       |     1 ||     1
    Use: Scroll            |     2 |       ||     2
 Armour: Scale mail        |    45 |    34 ||    79
  Dodge: Dodged            |    49 |    39 ||    88
  Block: Buckler           |    23 |    12 ||    35
